[ AOE2 MATCH · #504613642 ]
UnrankedGoths vs Malay
Player's team · LOSS
Rival team · WIN
[ REPLAY ANALYSIS · EXTRACTED FROM THE RECORDED GAME ]
Feudal
10:34
Castle
21:25
Imperial
—
| APM avg | 71.3 |
| APM peak | 112 |
| eAPM avg | 26.7 |
| Villagers / military | 62 / 36 |
Focus
⚔️ 44.4% · 🌾 55.6%
Skirmisher ×25 · Militia ×7 · Spearman ×4
Feudal
8:48
Castle
20:57
Imperial
—
| APM avg | 84.5 |
| APM peak | 110 |
| eAPM avg | 27.0 |
| Villagers / military | 56 / 28 |
Focus
⚔️ 39.5% · 🌾 60.5%
Archer ×16 · Battle Elephant ×5 · Scout Cavalry ×4 · Militia ×3
Match map
Initial resources + every placement click. Lines = walls · curves = elevation contours. ◆ gold · ⬟ stone · ● berries · ✦ relic · ◌ wall gap
Your base· Open — 3t gap
ThunderboltX's base· Open — unwalled flank
Smoothed initial terrain · ◌ = detected wall gap · hover for details
Inputs per minute
— Macluffy - - ThunderboltX
Build order — Macluffy
First 150 of 161 actions detected
| 0:00 | Create | Villager (Male) |
| 0:01 | Create | Villager (Male) |
| 0:02 | Build | House |
| 0:03 | Build | House |
| 0:06 | Create | Villager (Male) |
| 0:08 | Create | Villager (Male) |
| 1:27 | Create | Villager (Male) |
| 1:52 | Build | Lumber Camp |
| 1:56 | Create | Villager (Male) |
| 2:11 | Create | Villager (Male) |
| 2:46 | Create | Villager (Male) |
| 3:03 | Create | Villager (Male) |
| 3:19 | Create | Villager (Male) |
| 3:53 | Build | House |
| 4:03 | Create | Villager (Male) |
| 4:25 | Create | Villager (Male) |
| 4:34 | Build | Barracks |
| 4:48 | Create | Villager (Male) |
| 5:00 | Build | House |
| 5:01 | Create | Villager (Male) |
| 5:27 | Create | Militia |
| 5:28 | Create | Militia |
| 5:45 | Create | Villager (Male) |
| 5:49 | Create | Militia |
| 5:55 | Build | House |
| 6:15 | Create | Villager (Male) |
| 6:30 | Build | Mill |
| 6:33 | Create | Villager (Male) |
| 6:37 | Build | Palisade Wall |
| 6:38 | Build | Palisade Wall |
| 6:52 | Create | Villager (Male) |
| 6:58 | Research | Loom |
| 7:02 | Create | Villager (Male) |
| 7:28 | Create | Villager (Male) |
| 7:33 | Build | Palisade Wall |
| 7:34 | Create | Villager (Male) |
| 8:23 | Research | Feudal Age |
| 8:36 | Build | Mining Camp |
| 8:58 | Build | Palisade Wall |
| 8:59 | Build | Palisade Wall |
| 9:21 | Create | Militia |
| 9:21 | Create | Militia |
| 9:37 | Create | Villager (Male) |
| 9:43 | Build | House |
| 10:01 | Create | Villager (Male) |
| 10:22 | Create | Villager (Male) |
| 10:30 | Create | Villager (Male) |
| 10:34 | Age | Feudal Age |
| 10:39 | Research | Man-at-Arms (upgrade) |
| 10:43 | Build | Archery Range |
| 10:51 | Create | Militia |
| 11:00 | Research | Double-Bit Axe |
| 11:03 | Build | Farm |
| 11:05 | Build | House |
| 11:08 | Build | Palisade Wall |
| 11:09 | Build | Palisade Wall |
| 11:19 | Create | Militia |
| 11:28 | Build | House |
| 11:29 | Build | Farm |
| 11:39 | Create | Villager (Male) |
| 11:50 | Create | Skirmisher |
| 12:01 | Build | Farm |
| 12:02 | Build | Farm |
| 12:08 | Build | Farm |
| 12:10 | Create | Villager (Male) |
| 12:21 | Create | Skirmisher |
| 12:35 | Build | Farm |
| 12:50 | Create | Villager (Male) |
| 12:54 | Create | Skirmisher |
| 12:58 | Create | Skirmisher |
| 13:01 | Build | Farm |
| 13:11 | Build | Palisade Wall |
| 13:20 | Create | Villager (Male) |
| 13:21 | Build | Farm |
| 13:24 | Build | House |
| 13:26 | Build | Palisade Wall |
| 13:27 | Build | Palisade Wall |
| 13:35 | Create | Skirmisher |
| 13:38 | Create | Villager (Male) |
| 13:40 | Build | Farm |
| 13:44 | Create | Villager (Male) |
| 13:55 | Create | Skirmisher |
| 14:13 | Create | Skirmisher |
| 14:27 | Create | Villager (Male) |
| 14:35 | Create | Skirmisher |
| 14:40 | Build | Blacksmith |
| 14:46 | Create | Villager (Male) |
| 14:51 | Create | Skirmisher |
| 14:51 | Create | Villager (Male) |
| 15:01 | Create | Skirmisher |
| 15:01 | Create | Villager (Male) |
| 15:35 | Research | Fletching |
| 15:37 | Build | House |
| 15:37 | Create | Villager (Male) |
| 15:46 | Create | Skirmisher |
| 15:53 | Create | Villager (Male) |
| 16:21 | Build | Lumber Camp |
| 16:25 | Build | Farm |
| 16:26 | Build | Farm |
| 16:26 | Create | Villager (Male) |
| 16:34 | Build | Farm |
| 16:40 | Create | Villager (Male) |
| 16:43 | Build | Market |
| 16:49 | Create | Spearman |
| 16:52 | Create | Villager (Male) |
| 17:12 | Create | Spearman |
| 17:29 | Create | Spearman |
| 17:30 | Create | Villager (Male) |
| 17:38 | Create | Spearman |
| 17:45 | Create | Villager (Male) |
| 17:53 | Create | Skirmisher |
| 18:05 | Create | Villager (Male) |
| 18:08 | Create | Skirmisher |
| 18:10 | Create | Villager (Male) |
| 18:22 | Build | Farm |
| 18:44 | Research | Castle Age |
| 18:46 | Create | Skirmisher |
| 18:55 | Create | Skirmisher |
| 19:04 | Research | Horse Collar |
| 19:12 | Build | House |
| 19:17 | Create | Skirmisher |
| 19:26 | Build | Farm |
| 19:30 | Create | Skirmisher |
| 19:30 | Create | Villager (Male) |
| 19:50 | Research | Gold Mining |
| 20:03 | Create | Skirmisher |
| 20:11 | Create | Skirmisher |
| 20:23 | Build | Stable |
| 20:28 | Create | Villager (Male) |
| 20:30 | Build | Palisade Wall |
| 20:36 | Create | Skirmisher |
| 21:00 | Create | Villager (Male) |
| 21:05 | Build | House |
| 21:06 | Build | Farm |
| 21:25 | Age | Castle Age |
| 21:26 | Research | Elite Skirmisher (upgrade) |
| 21:29 | Create | Villager (Male) |
| 21:29 | Create | Villager (Male) |
| 21:40 | Build | Town Center |
| 21:42 | Create | Villager (Male) |
| 21:47 | Create | Villager (Male) |
| 21:50 | Create | Villager (Male) |
| 21:58 | Create | Villager (Male) |
| 22:00 | Build | House |
| 22:02 | Build | Palisade Wall |
| 22:07 | Create | Villager (Male) |
| 22:10 | Create | Villager (Male) |
| 22:13 | Create | Villager (Male) |
| 22:33 | Create | Villager (Male) |
| 22:36 | Create | Skirmisher |
Build order — ThunderboltX
First 150 of 167 actions detected
| 0:00 | Create | Villager (Male) |
| 0:01 | Build | House |
| 0:02 | Build | House |
| 0:16 | Create | Villager (Male) |
| 0:16 | Create | Villager (Male) |
| 0:27 | Create | Villager (Male) |
| 1:23 | Create | Villager (Male) |
| 1:49 | Build | Lumber Camp |
| 1:57 | Create | Villager (Male) |
| 2:16 | Create | Villager (Male) |
| 2:49 | Create | Villager (Male) |
| 3:14 | Create | Villager (Male) |
| 3:24 | Create | Villager (Male) |
| 3:48 | Build | House |
| 3:49 | Build | House |
| 3:52 | Create | Villager (Male) |
| 4:20 | Create | Villager (Male) |
| 4:20 | Create | Villager (Male) |
| 4:22 | Build | Mill |
| 4:52 | Create | Villager (Male) |
| 5:29 | Create | Villager (Male) |
| 5:30 | Create | Villager (Male) |
| 5:32 | Create | Villager (Male) |
| 5:34 | Research | Loom |
| 5:40 | Create | Villager (Male) |
| 5:43 | Create | Villager (Male) |
| 5:49 | Create | Villager (Male) |
| 5:49 | Research | Loom |
| 5:52 | Build | Palisade Wall |
| 5:55 | Build | Palisade Wall |
| 5:56 | Build | Palisade Wall |
| 6:22 | Build | Palisade Wall |
| 6:24 | Build | Palisade Wall |
| 6:25 | Build | Palisade Wall |
| 6:26 | Build | Palisade Wall |
| 6:46 | Build | Barracks |
| 7:20 | Research | Feudal Age |
| 7:42 | Build | Mining Camp |
| 7:45 | Create | Militia |
| 7:54 | Build | House |
| 8:06 | Create | Militia |
| 8:20 | Build | Palisade Wall |
| 8:21 | Build | Palisade Wall |
| 8:23 | Build | House |
| 8:27 | Build | Palisade Wall |
| 8:27 | Build | Palisade Wall |
| 8:33 | Create | Villager (Male) |
| 8:35 | Create | Militia |
| 8:48 | Age | Feudal Age |
| 8:52 | Research | Double-Bit Axe |
| 8:55 | Create | Villager (Male) |
| 8:58 | Build | Palisade Wall |
| 8:59 | Build | Palisade Wall |
| 9:31 | Create | Villager (Male) |
| 9:32 | Build | Palisade Wall |
| 10:10 | Create | Villager (Male) |
| 10:12 | Create | Villager (Male) |
| 10:14 | Build | Archery Range |
| 10:46 | Build | House |
| 11:01 | Create | Villager (Male) |
| 11:02 | Build | Farm |
| 11:04 | Build | Farm |
| 11:05 | Build | Farm |
| 11:06 | Build | Farm |
| 11:16 | Build | Farm |
| 11:22 | Create | Villager (Male) |
| 11:22 | Create | Villager (Male) |
| 11:23 | Create | Archer |
| 11:52 | Build | Farm |
| 11:53 | Create | Villager (Male) |
| 11:57 | Build | House |
| 12:00 | Create | Archer |
| 12:05 | Create | Villager (Male) |
| 12:18 | Build | Palisade Wall |
| 12:22 | Build | Blacksmith |
| 12:29 | Create | Villager (Male) |
| 12:31 | Build | Farm |
| 12:40 | Create | Villager (Male) |
| 12:51 | Create | Villager (Male) |
| 12:52 | Build | Farm |
| 13:00 | Create | Archer |
| 13:09 | Research | Fletching |
| 13:12 | Build | Farm |
| 13:20 | Build | House |
| 13:23 | Create | Villager (Male) |
| 13:26 | Build | House |
| 13:29 | Create | Archer |
| 13:43 | Research | Padded Archer Armor |
| 13:46 | Build | Farm |
| 13:50 | Create | Villager (Male) |
| 13:57 | Build | Palisade Wall |
| 14:00 | Create | Archer |
| 14:33 | Create | Archer |
| 14:33 | Create | Villager (Male) |
| 14:39 | Create | Archer |
| 14:48 | Create | Villager (Male) |
| 14:51 | Build | Stable |
| 14:55 | Build | Palisade Wall |
| 15:12 | Create | Villager (Male) |
| 15:19 | Build | Farm |
| 15:21 | Build | Farm |
| 15:28 | Create | Villager (Male) |
| 15:37 | Create | Scout Cavalry |
| 15:37 | Create | Scout Cavalry |
| 15:48 | Create | Villager (Male) |
| 15:51 | Create | Archer |
| 15:54 | Build | Farm |
| 15:56 | Build | Farm |
| 16:16 | Create | Scout Cavalry |
| 16:17 | Create | Villager (Male) |
| 16:20 | Build | Farm |
| 16:21 | Build | Farm |
| 16:22 | Build | Farm |
| 16:25 | Build | Farm |
| 16:36 | Build | House |
| 16:37 | Research | Wheelbarrow |
| 16:50 | Create | Archer |
| 17:04 | Create | Villager (Male) |
| 17:21 | Create | Scout Cavalry |
| 17:21 | Create | Villager (Male) |
| 18:16 | Create | Villager (Male) |
| 18:47 | Build | Archery Range |
| 18:49 | Research | Horse Collar |
| 19:03 | Build | Lumber Camp |
| 19:11 | Build | Farm |
| 19:12 | Build | Farm |
| 19:14 | Build | Farm |
| 19:21 | Research | Castle Age |
| 19:21 | Research | Castle Age |
| 19:31 | Create | Archer |
| 19:39 | Create | Archer |
| 20:00 | Create | Archer |
| 20:01 | Create | Archer |
| 20:16 | Create | Archer |
| 20:17 | Create | Archer |
| 20:42 | Create | Villager (Male) |
| 20:57 | Age | Castle Age |
| 20:59 | Research | Bodkin Arrow |
| 21:08 | Build | Town Center |
| 21:11 | Research | Crossbowman (upgrade) |
| 21:13 | Create | Villager (Male) |
| 21:42 | Create | Battle Elephant |
| 21:42 | Create | Villager (Male) |
| 21:46 | Build | House |
| 21:47 | Build | House |
| 22:21 | Create | Battle Elephant |
| 22:22 | Create | Villager (Male) |
| 22:36 | Create | Villager (Male) |
| 22:49 | Create | Battle Elephant |
| 22:50 | Create | Villager (Male) |
Match timeline
| 4:34 | Macluffy · first_building Barracks |
| 5:52 | ThunderboltX · wall_segment Palisade Wall x1 |
| 5:55 | ThunderboltX · wall_segment Palisade Wall x1 |
| 5:56 | ThunderboltX · wall_segment Palisade Wall x1 |
| 6:22 | ThunderboltX · wall_segment Palisade Wall x1 |
| 6:24 | ThunderboltX · wall_segment Palisade Wall x1 |
| 6:25 | ThunderboltX · wall_segment Palisade Wall x1 |
| 6:26 | ThunderboltX · wall_segment Palisade Wall x1 |
| 6:37 | Macluffy · wall_segment Palisade Wall x2 |
| 6:38 | Macluffy · wall_segment Palisade Wall x7 |
| 6:46 | ThunderboltX · first_building Barracks |
| 7:33 | Macluffy · wall_segment Palisade Wall x7 |
| 8:20 | ThunderboltX · wall_segment Palisade Wall x1 |
| 8:21 | ThunderboltX · wall_segment Palisade Wall x1 |
| 8:27 | ThunderboltX · wall_segment Palisade Wall x1 |
| 8:27 | ThunderboltX · wall_segment Palisade Wall x1 |
| 8:48 | ThunderboltX · age_up feudal |
| 8:58 | ThunderboltX · wall_segment Palisade Wall x1 |
| 8:58 | Macluffy · wall_segment Palisade Wall x1 |
| 8:59 | ThunderboltX · wall_segment Palisade Wall x3 |
| 8:59 | Macluffy · wall_segment Palisade Wall x1 |
| 9:32 | ThunderboltX · wall_segment Palisade Wall x1 |
| 10:14 | ThunderboltX · first_building Archery Range |
| 10:34 | Macluffy · age_up feudal |
| 10:43 | Macluffy · first_building Archery Range |
| 11:08 | Macluffy · wall_segment Palisade Wall x9 |
| 11:09 | Macluffy · wall_segment Palisade Wall x5 |
| 12:18 | ThunderboltX · wall_segment Palisade Wall x1 |
| 13:11 | Macluffy · wall_segment Palisade Wall x8 |
| 13:26 | Macluffy · wall_segment Palisade Wall x8 |
| 13:27 | Macluffy · wall_segment Palisade Wall x4 |
| 13:57 | ThunderboltX · wall_segment Palisade Wall x5 |
| 14:51 | ThunderboltX · first_building Stable |
| 14:55 | ThunderboltX · wall_segment Palisade Wall x1 |
| 18:19 | Macluffy · first_market_sell 100 stone |
| 18:20 | Macluffy · first_market_buy 100 food |
| 20:23 | Macluffy · first_building Stable |
| 20:30 | Macluffy · wall_segment Palisade Wall x1 |
| 20:57 | ThunderboltX · age_up castle |
| 21:25 | Macluffy · age_up castle |
| 22:02 | Macluffy · wall_segment Palisade Wall x1 |
| 24:21 | Macluffy · resign |
[ AI ANALYSIS · 1 CREDIT ]
What really happened in this match?
Wolo.gg analyzes every decision: build order, eco, micro, common mistakes by bracket. Personalized analysis on WhatsApp or Discord in 30 seconds.
Civ guide
Goths
Perfil
Jugador #453821